Map: Lightshade LE

Players

Zest

  • Race: Protoss Protoss
  • Spawn Location: 11:00

Trap - Winner!

  • Race: Protoss Protoss
  • League: Master
  • Spawn Location: 5:00

Event: DreamHack SC2 Masters 2020 Winter

VOD

Have the link to the VOD?

Description

Time

  • Played on: Oct. 27, 2020, 7 a.m.
  • Length: 7:54

All games in this series

Show
View Real Time Build Order
Export as new Build Order

Zest Protoss 

Build Orders: Phoenix Opening, Blink Stalkers 

Get SALT Encoding   

  12  0:00  Probe  
  13  0:12  Probe  
  14  0:17  Pylon  
  14  0:24  Probe (Chrono Boost)  
  15  0:36  Gateway, Probe (Chrono Boost)  
  16  0:44  Probe (Chrono Boost)  
  16  0:46  Assimilator  
  17  0:51  Probe  
  18  1:03  Probe (Chrono Boost)  
  19  1:04  Assimilator  
  19  1:12  Probe (Chrono Boost)  
  19  1:13  Gateway  
  19  1:17  Probe (Chrono Boost)  
  20  1:24  Cybernetics Core  
  21  1:29  Probe  
  22  1:34  Pylon  
  22  1:41  Probe  
  23  1:53  Probe  
  24  2:05  Nexus  
  24  2:08  Warp Gate  
  24  2:12  Probe  
  25  2:19  Stalker  
  27  2:23  Sentry  
  27  2:29  Pylon  
  29  2:32  Probe  
  30  2:40  Shield Battery  
  30  2:46  Probe  
  31  2:52  Stalker  
  31  2:53  Sentry  
  36  2:58  Probe  
  36  3:02  Twilight Council  
  36  3:05  Phoenix  
  36  3:10  Shield Battery, Probe  
  37  3:18  Probe  
  38  3:23  Probe (Chrono Boost)  
  38  3:31  Probe (Chrono Boost)  
  38  3:35  Probe (Chrono Boost)  
  38  3:36  Blink (Chrono Boost)  
  38  3:41  Probe (Chrono Boost)  
  40  3:42  Probe (Chrono Boost)  
  40  3:46  Probe (Chrono Boost)  
  42  3:52  Probe (Chrono Boost)  
  43  3:57  Probe (Chrono Boost)  
  45  4:03  Gateway  
  45  4:04  Gateway  
  45  4:05  Probe (Chrono Boost)  
  45  4:06  Probe (Chrono Boost)  
  46  4:11  Sentry x2  
  46  4:13  Probe x2  
  52  4:18  Pylon  
  52  4:25  Nexus  
  52  4:28  Probe  
  52  4:30  Phoenix  
  53  4:33  Pylon, Probe  
  53  4:37  Stalker  
  55  4:42  Stalker  
  57  4:51  Gateway  
  57  4:55  Assimilator  
  57  4:56  Probe  
  57  4:57  Probe  
  59  5:02  Forge  
  58  5:08  Probe  
  58  5:09  Probe  
  58  5:13  Stalker  
  62  5:15  Pylon  
  62  5:17  Pylon  
  62  5:24  Charge (Chrono Boost)  
  62  5:34  Stalker  
  62  5:35  Stalker x3, Pylon  
  70  5:45  Gateway  
  70  5:47  Gateway  
  70  5:58  Stalker x2  
  70  5:59  Stalker x2  
  70  6:01  Shield Battery  
  78  6:07  Shield Battery  
  78  6:10  Probe x2  
  80  6:13  Robotics Facility  
  80  6:20  Gateway  
  80  6:30  Zealot x4  
  86  6:42  Zealot x2  
  88  6:50  Zealot x4  
  72  7:11  Zealot x6  
  72  7:27  Gateway  
  60  7:30  Zealot  
  60  7:31  Zealot x6  
Show
View Real Time Build Order
Export as new Build Order

Trap Protoss - Winner!

Build Orders: 1 Gate Expand 

Get SALT Encoding   

  12  0:00  Probe  
  13  0:12  Probe  
  14  0:18  Pylon  
  14  0:24  Probe  
  15  0:36  Probe (Chrono Boost)  
  15  0:37  Gateway  
  16  0:46  Probe (Chrono Boost)  
  16  0:47  Assimilator  
  17  0:51  Probe (Chrono Boost)  
  18  1:03  Probe  
  19  1:15  Probe  
  20  1:23  Pylon  
  20  1:27  Cybernetics Core  
  20  1:43  Nexus  
  20  1:49  Assimilator  
  20  1:53  Probe  
  21  2:00  Stalker (Chrono Boost)  
  21  2:05  Probe  
  21  2:08  Warp Gate  
  24  2:17  Probe  
  25  2:23  Adept  
  25  2:29  Probe  
  28  2:34  Robotics Facility  
  28  2:41  Probe  
  29  2:46  Pylon  
  29  2:57  Probe x2 (Chrono Boost)  
  29  2:58  Sentry  
  34  3:06  Probe x2 (Chrono Boost)  
  34  3:11  Probe x2 (Chrono Boost)  
  34  3:16  Gateway  
  36  3:23  Probe  
  36  3:26  Probe  
  36  3:30  Warp Prism (Chrono Boost)  
  38  3:36  Probe  
  38  3:38  Probe  
  42  3:48  Gateway  
  40  3:49  Probe  
  40  3:50  Probe  
  42  3:56  Adept  
  42  4:00  Immortal (Chrono Boost)  
  44  4:06  Probe  
  44  4:07  Probe  
  50  4:10  Sentry  
  50  4:15  Twilight Council  
  52  4:19  Pylon  
  52  4:22  Probe x2  
  54  4:37  Immortal  
  58  4:43  Sentry  
  62  4:46  Pylon  
  62  4:47  Adept  
  62  4:53  Assimilator  
  62  4:55  Blink (Chrono Boost)  
  62  5:02  Gateway  
  62  5:04  Gateway  
  62  5:15  Gateway  
  62  5:16  Gateway  
  62  5:17  Immortal  
  66  5:26  Pylon  
  66  5:28  Assimilator  
  66  5:37  Stalker x2  
  66  5:41  Pylon  
  70  5:44  Stalker, Pylon  
  72  5:51  Pylon  
  72  5:55  Pylon  
  72  5:56  Observer  
  71  6:06  Stalker  
  71  6:07  Stalker x2  
  71  6:08  Stalker  
  79  6:19  Probe x2  
  77  6:26  Stalker x2  
  77  6:27  Zealot  
  77  6:30  Stalker  
  82  6:41  Stalker, Zealot x2  
  76  7:06  Stalker x5  
  76  7:07  Zealot x2  
  78  7:31  Stalker x4  
  78  7:32  Zealot  
  86  7:39  Stalker  
Tags
 
Add a new tag
Caveats
  • Supply blocks, unpowered buildings, or Contaminate may cause inaccurate times.
  • Supply counts are checked every 10 seconds.